 Dungeon Crawl Stone Soup version 0.29-a0-577-gafbf2c5d25 (webtiles) character file.

Game seed: 17961093081041616980

16 DocClef the Sneak (level 2, -1/26 HPs)
             Began as a Draconian Delver on June 13, 2022.
             Slain by a scorpion (7 damage)
             ... on level 5 of the Dungeon.
             The game lasted 00:00:23 (529 turns).

DocClef the Sneak (Draconian Delver)                 Turns: 529, Time: 00:00:24

Health: -1/26      AC:  4    Str: 14    XL:     2   Next: 41%
Magic:  2/2        EV: 12    Int: 10    God:
Gold:   0          SH:  0    Dex: 12    Spells: 1/1 levels left

rFire   . . .      SeeInvis .   a - +0 short sword
rCold   . . .      Faith    .   (no shield)
rNeg    . . .      Spirit   .   (body armour unavailable)
rPois   .          Reflect  .   (helmet restricted)
rElec   .          Harm     .   (no cloak)
rCorr   .          Rampage  .   (no gloves)
Will    .....                   (no boots)
Stlth   +++.......              (no amulet)
HPRegen 0.08/turn               (no ring)
MPRegen 0.08/turn               (no ring)

@: no status effects
A: AC +4, unfitting armour, cold-blooded
a: no special abilities


You were on level 5 of the Dungeon.
You visited 1 branch of the dungeon, and saw 1 of its levels.

Inventory:

Hand Weapons
 a - a +0 short sword (weapon)
Wands
 f - a wand of digging (3)
 h - a wand of mindburst (11)
Scrolls
 b - a scroll of fog
 c - a scroll of magic mapping
 d - a scroll of fear
Potions
 e - a potion of haste
 g - 2 potions of resistance {unknown}


   Skills:
 + Level 3.4 Fighting
 + Level 2.0 Short Blades
 + Level 1.8 Dodging
 + Level 5.0 Stealth


You had one spell level left.
You didn't know any spells.
Your spell library was empty.

Dungeon Overview and Level Annotations

Branches:
Dungeon (5/15)             Temple (0/1) D:5

Altars:


Innate Abilities, Weirdness & Mutations

Your plain brown scales are hard. (AC +4)
You cannot fit into any form of body armour.
You are cold-blooded and may be slowed by cold attacks.


Message History

A scorpion comes into view.
A scorpion is nearby!
The scorpion closely misses you.
You hit the scorpion but do no damage. You tail-slap the scorpion.
The scorpion is lightly wounded.
A scorpion comes into view.
The scorpion stings you but does no damage.
You closely miss the scorpion.
The scorpion is lightly wounded.
The scorpion stings you.
You hit the scorpion but do no damage.
You tail-slap the scorpion, but do no damage.
The scorpion is lightly wounded.
The scorpion stings you.
You hit the scorpion but do no damage.
You tail-slap the scorpion, but do no damage.
The scorpion is lightly wounded.
The scorpion stings you.
You hit the scorpion.
The scorpion is lightly wounded.
The scorpion stings you but does no damage.
The scorpion closely misses you. The scorpion attacks as you move away!
The scorpion closely misses you. The scorpion barely misses you.
The scorpion attacks as you move away! The scorpion stings you.
The scorpion attacks as you move away! The scorpion stings you.
The scorpion closely misses you. The scorpion attacks as you move away!
The scorpion stings you but does no damage.
The scorpion attacks as you move away! The scorpion barely misses you.
The scorpion stings you but does no damage. x2
The scorpion attacks as you move away! The scorpion closely misses you.
The scorpion barely misses you. The scorpion barely misses you.
The scorpion attacks as you move away! The scorpion stings you.
The scorpion misses you. The scorpion closely misses you.
The scorpion attacks as you move away! The scorpion stings you.
* * * LOW HITPOINT WARNING * * *
You barely miss the scorpion. The scorpion stings you!
You die...

#...# #..## #..#
##<## #..# #.##
##.# #..# #@##
#s## #s.# ######
#..## ####....#
#...######........
#.................
##................
#.............###
##...........##


You could see 2 scorpions.

Vanquished Creatures
  An adder (D:5)
  An ufetubus (D:5)
  An orc (D:5)
3 creatures vanquished.

Notes
Turn   | Place    | Note
-------+----------+-------------------------------------------
     0 | D:5      | DocClef the Draconian Delver began the quest for the Orb.
     0 | D:5      | Reached XP level 1. HP: 19/19 MP: 1/1
    39 | D:5      | Noticed an ogre
    61 | D:5      | Found a staircase to the Ecumenical Temple.
   486 | D:5      | Reached skill level 5 in Stealth
   486 | D:5      | Reached XP level 2. HP: 26/26 MP: 2/2
   491 | D:5      | Noticed a scorpion
   496 | D:5      | Noticed a scorpion
   529 | D:5      | Slain by a scorpion

Illustrated notes

Levels and vault maps discovered:
D:5:      layout_layer_cave, minmay_temple_entry_large_hall, chequers_garden,
          minmay_mini_ossuary

Skill      XL: |  1 |
---------------+----+-----
Stealth        | 5 |  5.0
Fighting       | |  3.4
Short Blades   | |  2.0
Dodging        | |  1.8

Action                   || total
-------------------------++-------
Melee: Short sword       ||    12
       Tailslap          ||     3
 Stab: Sleeping          ||     1
Armor: Skin              ||     8
Dodge: Dodged            ||    24

Table legend: (Time is in decaauts)
 A = Elapsed time spent in this place.
 B = Non-inter-level travel time spent in this place.
 C = Inter-level travel time spent in this place.
 D = Time resting spent in this place.
 E = Time spent auto-exploring this place.
 F = Levels seen in this place.
 G = Mean time per level.
                   A        B        C        D        E       F      G
               +--------+--------+--------+--------+--------+-----+--------+
         Total |    529 |    529 |      0 |      0 |    440 |   1 |  529.0 |
       Dungeon |    529 |    529 |      0 |      0 |    440 |   1 |  529.0 |
               +--------+--------+--------+--------+--------+-----+--------+

Top non-repeatable levels by time:
     D:5: 529 daAuts
